 Dungeon Crawl Stone Soup version 0.20.1-1-g8b1a95d (webtiles) character file.

474 equalderp2856 the Chopper (level 6, -3/48 HPs)
             Began as a Mummy Fighter on Sept 6, 2017.
             Killed from afar by an orc wizard (8 damage)
             ... with a magic dart
             ... on level 4 of the Dungeon.
             The game lasted 00:05:26 (3777 turns).

equalderp2856 the Chopper (Mummy Fighter)           Turns: 3777, Time: 00:05:27

Health: -3/48      AC:  6    Str: 19    XL:     6   Next: 84%
Magic:  6/6        EV:  7    Int: 10    God:
Gold:   156        SH:  0    Dex: 11    Spells: 5/5 levels left

rFire    x . .     SeeInvis .   a - +0 war axe
rCold    + . .     Gourm    .   c - +0 shield
rNeg     + + +     Faith    .   b - +0 scale mail
rPois    ∞         Spirit   .   (no helmet)
rElec    .         Reflect  .   (no cloak)
rCorr    .         Harm     .   (no gloves)
MR       .....                  (no boots)
Stlth    ..........             (no amulet)
Regen    0.2/turn               (no ring)
MPRegen  0.1/turn               (no ring)

@: confused
A: no food or potions, fire vulnerability, cold resistance 1, negative energy
resistance 3, torment resistance, unbreathing
a: no special abilities


You were on level 4 of the Dungeon.
You were not hungry.

You visited 1 branch of the dungeon, and saw 4 of its levels.

You collected 156 gold pieces.

Inventory:

Hand Weapons
 a - a +0 war axe (weapon)
 j - a +0 blowgun
Missiles
 k - 19 poisoned needles
Armour
 b - a +0 scale mail (worn)
 c - a +0 shield (worn)
Magical Staves
 i - an uncursed staff of poison
Jewellery
 o - an uncursed ring of wizardry {unknown}
Wands
 m - a wand of enslavement (8/24)
Scrolls
 d - a scroll of recharging {unknown}
 f - 2 scrolls of amnesia {unknown}
 g - 2 scrolls of teleportation {unknown}
 h - a scroll of fear {unknown}
 l - a scroll of enchant armour {unknown}
 n - 2 scrolls of identify {unknown}
Books
 e - a book of the Warp

   Spells                             Type                      Level
   a - Gell's Gravitas                Translocation                3
   b - Portal Projectile              Hexes/Translocation          3
   c - Force Lance                    Conjuration/Translocation    4
   d - Dispersal                      Translocation                6
   e - Controlled Blink               Translocation                8
   f - Disjunction                    Translocation                8


   Skills:
 + Level 3.8 Fighting
 + Level 4.2 Axes
 + Level 3.6 Armour
 + Level 1.3 Dodging
 + Level 0.1 Stealth
 + Level 3.3 Shields


You had 5 spell levels left.
You didn't know any spells.

Dungeon Overview and Level Annotations

Branches:
Dungeon (4/15)
 Temple: D:4-7

Altars:
Hepliaklqana
Makhleb
Nemelex Xobeh


Innate Abilities, Weirdness & Mutations

You do not eat or drink.
Your flesh is vulnerable to fire.
You are immune to poison.
Your flesh is cold resistant. (rC+)
You are immune to negative energy. (rN+++)
You are immune to unholy pain and torment.
You can survive without breathing.


Message History

You block the orc wizard's attack. The orc wizard barely misses you.
You closely miss the orc wizard.
The orc wizard is almost dead.
The orc wizard barely misses you. The orc wizard hits you with a dagger.
The orc wizard mumbles some strange words.
The orc wizard blinks!
The orc hits you but does no damage. You block something's attack.
A puff of flame appears from out of thin air!
The puff of flame hits you! The fire burns you terribly!
* * * LOW HITPOINT WARNING * * *
The orc wizard casts a spell.
The orc wizard blinks!
You are confused.
There is an open door here.
You bump into the rock wall.
You are more confused.
Unknown command.
The orc wizard points at you and mumbles some strange words.
The magic dart hits you!
You die...

.##.....##.#....##.#######.......
..'..o..o.......'................
.##.$..o#oo#.!..##...............
.)...o..#.##....####.............
###.#...#.##....# #.............
#.#.###o####### #...#######...
#...###o{....# #...# #...
####....$....#####..>#######...
............'@..'.........'...
#.#...#.....#####....######...
#...#.#.....# #.............
#.....#o....# #.........
###.........# #.........
⌠#........# ##........ #.......##
#...†.... ###...### #........
#........


You could see an orc wizard and 2 orcs.

Vanquished Creatures
  2 hounds (D:4)
  2 worker ants (D:4)
  Natasha (thrice) (D:2)
  4 orc wizards
  Terence (D:2)
  A worker ant zombie (D:3)
  3 adders
  5 worms
  4 leopard geckos
  12 orcs
  9 bats
  6 giant cockroaches
  8 goblins
  13 hobgoblins
  2 jackals (D:3)
  A quokka (D:3)
  2 ball pythons (D:2)
  6 frilled lizards
  9 kobolds
  5 rats
98 creatures vanquished.

Notes
Turn   | Place    | Note
-------+----------+-------------------------------------------
     0 | D:1      | equalderp2856 the Mummy Fighter began the quest for the Orb.
     0 | D:1      | Reached XP level 1. HP: 18/18 MP: 1/1
   195 | D:1      | Reached XP level 2. HP: 24/24 MP: 2/2
   593 | D:1      | Reached skill level 2 in Axes
   689 | D:2      | Noticed Terence
   693 | D:2      | Reached XP level 3. HP: 20/29 MP: 3/3
   701 | D:2      | Killed Terence
   973 | D:2      | Noticed Natasha
   979 | D:2      | Killed Natasha
   979 | D:2      | Reached XP level 4. HP: 28/35 MP: 4/4
  1033 | D:2      | Noticed Natasha
  1045 | D:2      | Killed Natasha
  1271 | D:2      | Noticed Natasha
  1274 | D:2      | Killed Natasha
  1274 | D:2      | Reached skill level 1 in Dodging
  1314 | D:2      | Reached XP level 5. HP: 38/41 MP: 5/5
  1434 | D:2      | Reached skill level 3 in Axes
  2419 | D:3      | Found a burning altar of Makhleb.
  2419 | D:3      | Found a hazy altar of Hepliaklqana.
  3104 | D:3      | Reached XP level 6. HP: 43/47 MP: 6/6
  3600 | D:4      | Reached skill level 4 in Axes
  3695 | D:4      | Found a sparkling altar of Nemelex Xobeh.
  3777 | D:4      | Killed from afar by an orc wizard

Skill      XL: |  1  2  3  4  5  6 |
---------------+-------------------+-----
Axes           | 2 3 4 |  4.2
Dodging        | 1 |  1.3
Armour         | 3 |  3.6
Shields        | 3 |  3.3
Fighting       | |  3.8
Stealth        | |  0.1

Action                   |  1- 3 |  4- 6 || total
-------------------------+-------+-------++-------
Melee: War axe           |    78 |   295 ||   373
Armor: Scale mail        |    42 |   138 ||   180
Dodge: Dodged            |    30 |    95 ||   125
Block: Shield            |    40 |   175 ||   215
